 Dungeon Crawl Stone Soup version 0.17.2 (webtiles) character file.

42 Shtopit the Charmwright (level 3, -4/25 HPs)
             Began as a High Elf Skald on May 7, 2016.
             Slain by a gnoll
             ... wielding a +0 halberd
              (12 damage)
             ... on level 2 of the Dungeon.
             The game lasted 00:05:37 (2027 turns).

Shtopit the Charmwright (High Elf Skald)            Turns: 2027, Time: 00:05:38

Health: -4/25      AC:  3    Str: 11    XL:     3   Next: 33%
Magic:  4/8        EV: 11    Int: 15    God:
Gold:   85         SH:  0    Dex: 16    Spells: 2 memorised, 4 levels left

rFire  . . .     SeeInvis .     a - +0 falchion
rCold  . . .     Clarity  .     b - +0 leather armour
rNeg   . . .     SustAt   .     (no shield)
rPois  .         Gourm    .     (no helmet)
rElec  .         Spirit   .     (no cloak)
rCorr  .         Warding  .     (no gloves)
rMut   .         Stasis   .     (no boots)
MR     .....                    (no amulet)
Stlth  +.........               (no ring)
                                (no ring)

@: infused, singing, not resistant to hostile enchantments, very unstealthy
A: no striking features
a: Stop Singing


You were on level 2 of the Dungeon.
You were not hungry.

You visited 1 branch of the dungeon, and saw 2 of its levels.

You collected 85 gold pieces.

Inventory:

Hand Weapons
 a - a +0 falchion (weapon)
 i - a cursed -2 hunting sling
Armour
 b - a +0 leather armour (worn)
 h - a +0 chain mail
Jewellery
 q - an uncursed ring of flight {unknown}
Scrolls
 e - a scroll of noise {unknown}
 k - a scroll of random uselessness {unknown}
 m - 3 scrolls of identify {unknown}
 n - a scroll of blinking {unknown}
 o - 3 scrolls of fog {unknown}
 p - a scroll of recharging {unknown}
Potions
 g - a potion of magic {unknown}
 j - a potion of lignification {unknown}
 l - a potion of agility {unknown}
 r - a potion of curing {unknown}
 s - a potion of flight {unknown}
Books
 c - a book of Battle

   Spells                             Type                      Level
   a - Infusion                       Charms                       1
   b - Shroud of Golubria             Charms/Translocation         2
   c - Song of Slaying                Charms                       2
   d - Spectral Weapon                Hexes/Charms                 3
   e - Regeneration                   Charms/Necromancy            3
Comestibles
 d - 5 bread rations
 f - 2 slices of pizza
 t - a chunk of flesh


   Skills:
 + Level 2.4 Fighting
 + Level 2.6 Long Blades
 + Level 1.5 Armour
 + Level 1.4 Dodging
 + Level 2.8 Spellcasting
 + Level 4.1 Charms


You had 4 spell levels left.
You knew the following spells:

 Your Spells              Type           Power        Failure   Level  Hunger
a - Infusion              Chrm           ##....       6%          1    #......
b - Song of Slaying       Chrm           ##......     10%         2    ##.....


Dungeon Overview and Level Annotations

Branches:
Dungeon (2/15)

Altars:
Cheibriados


Message History

Confirm with . or Enter, or press ? or * to list all spells.
You begin infusing your attacks with magical energy.
You closely miss the kobold. The kobold hits you with a dagger.
The gnoll hits you but does no damage.
You barely miss the kobold. The kobold hits you but does no damage.
The gnoll hits you from afar with a spear.
The kobold hits you but does no damage.
You hit the kobold.
You kill the kobold!
The gnoll barely misses you. The gnoll completely misses you.
The gnoll closely misses you.
Things that are here:
a dagger; a kobold corpse You barely miss the gnoll.
The gnoll hits you with a spear.
The gnoll hits you from afar with a halberd!
You hit the gnoll!
The gnoll is severely wounded.
The gnoll hits you but does no damage.
The gnoll hits you from afar with a halberd!
You die...

#.......).......#.#
#....>....#.###.# #
...........#.##..#
###..............# #
#.......##.##.##.# ###
###### #.......# #...
####.####
#....######### #.#
#._..'.gg@...##### #.#
#.?..#..####.#...###.#
#... #.)...#.#.......#
### ##.##...รท...#####
#.####.##### #.####.#
#......# ########


You could see 2 gnolls.

Vanquished Creatures
  An adder (D:2)
  An ooze (D:1)
  A giant gecko (D:2)
  A ball python (D:1)
  9 bats
  A giant cockroach (D:2)
  2 giant newts (D:2)
  2 goblins
  6 kobolds
  4 rats (D:1)
28 creatures vanquished.

Notes
Turn   | Place    | Note
--------------------------------------------------------------
     0 | D:1      | Shtopit the High Elf Skald began the quest for the Orb.
     0 | D:1      | Reached XP level 1. HP: 14/14 MP: 4/4
    63 | D:1      | Reached skill level 1 in Armour
   343 | D:1      | Reached XP level 2. HP: 19/19 MP: 3/6
   388 | D:1      | Reached skill level 4 in Charms
   694 | D:1      | Learned a level 2 spell: Song of Slaying
  1714 | D:2      | Reached XP level 3. HP: 15/25 MP: 0/8
  2015 | D:2      | Found a snail-covered altar of Cheibriados.
  2027 | D:2      | Slain by a gnoll

Action                   || total
-------------------------++-------
Melee: Falchion          ||   101
 Cast: Infusion          ||     8
       Song of Slaying   ||     2
 Stab: Sleeping          ||     1
  Eat: Chunk             ||     4
